Map: Orbital Shipyard

Players

Dankilicious

  • Race: Zerg Zerg
  • League: Master

Strykerz - Winner!

  • Race: Terran Terran
  • League: Master

VOD

Have the link to the VOD?

Description

Time

  • Played on: Nov. 28, 2015, 9:47 a.m.
  • Length: 10:49
Show
View Real Time Build Order
Export as new Build Order

Dankilicious Zerg 

Build Orders: Hatch First, Muta Ling Bane 

Get SALT Encoding   

  12  0:01  Drone  
  13  0:12  Overlord  
  13  0:17  Drone  
  14  0:23  Drone, Extractor  
  15  0:31  Drone  
  15  0:35  Drone  
  17  0:56  Hatchery  
  16  1:02  Drone x2  
  18  1:06  Extractor  
  17  1:20  Spawning Pool  
  17  1:24  Drone  
  17  1:26  Drone  
  17  1:30  Drone  
  19  1:39  Overlord  
  19  1:50  Drone  
  20  2:06  Queen  
  22  2:08  Queen  
  22  2:11  Metabolic Boost  
  22  2:14  Zergling x2  
  25  2:18  Zergling x2  
  25  2:20  Zergling x2  
  27  2:26  Drone x2  
  29  2:33  Extractor  
  29  2:35  Extractor  
  26  2:37  Drone x2  
  26  2:43  Drone x2  
  29  2:48  Spore Crawler  
  30  2:54  Overlord  
  30  2:58  Queen  
  33  3:03  Drone x2  
  35  3:14  Drone  
  35  3:17  Hatchery  
  35  3:22  Drone x2  
  35  3:25  Drone x2  
  39  3:31  Overlord  
  39  3:42  Drone x4  
  39  3:48  Overlord  
  43  3:50  Drone  
  43  3:52  Drone x3  
  43  3:53  Drone  
  43  3:54  Drone  
  49  4:00  Lair  
  49  4:03  Extractor  
  49  4:05  Extractor  
  47  4:12  Evolution Chamber  
  47  4:13  Evolution Chamber, Drone  
  47  4:14  Baneling Nest, Drone  
  47  4:16  Drone  
  47  4:18  Drone  
  47  4:19  Drone  
  49  4:34  Extractor  
  49  4:35  Queen  
  49  4:36  Drone x3  
  49  4:37  Drone x2  
  55  4:40  Drone x3  
  57  4:50  Drone x2, Overlord  
  57  4:51  Overlord  
  59  4:58  Zerg Melee Weapons Level 1  
  59  5:00  Zergling x2  
  59  5:01  Zergling x2  
  59  5:03  Zergling x2  
  62  5:08  Zergling x6  
  65  5:15  Drone x2, Spire  
  65  5:16  Drone  
  67  5:22  Overseer  
  67  5:28  Spore Crawler  
  63  5:29  Spore Crawler  
  63  5:31  Drone  
  63  5:32  Drone x2  
  62  5:38  Drone x3  
  62  5:41  Spore Crawler  
  62  5:50  Overlord x2  
  62  5:51  Extractor  
  60  6:01  Zergling x2  
  60  6:02  Zergling x18  
  70  6:13  Drone x3  
  68  6:21  Baneling x5  
  68  6:26  Baneling x6  
  68  6:27  Zergling x10  
  72  6:35  Mutalisk  
  59  6:49  Mutalisk  
  59  6:50  Mutalisk x2  
  58  6:59  Baneling Nest  
  58  7:00  Extractor, Zergling x10  
  61  7:06  Hatchery, Zergling x2  
  56  7:08  Mutalisk  
  58  7:18  Mutalisk x2  
  59  7:25  Zergling x4  
  59  7:26  Zergling x8  
  61  7:35  Mutalisk x2  
  65  7:42  Drone  
  65  7:43  Drone  
  67  7:53  Overlord x2  
  67  7:55  Centrifical Hooks  
  67  7:59  Overlord  
  67  8:02  Overlord  
  67  8:03  Drone  
  67  8:07  Overlord  
  67  8:13  Mutalisk x2  
  70  8:21  Drone x4  
  74  8:29  Mutalisk x2  
  74  8:33  Drone  
  79  8:34  Drone  
  79  8:38  Mutalisk  
  82  8:41  Zergling x2  
  82  8:46  Mutalisk  
  85  8:48  Zergling x2  
  85  8:50  Zergling x2  
  85  8:55  Mutalisk  
  87  8:58  Zergling x4  
  91  9:09  Baneling  
  91  9:10  Baneling x5  
  91  9:11  Zergling x2  
  91  9:12  Zergling x4  
  91  9:15  Baneling x2  
  94  9:17  Overlord  
  94  9:21  Zergling x4  
  94  9:35  Baneling x7  
  94  9:37  Zergling x10  
  97  9:41  Mutalisk  
  99  9:52  Zergling x8  
  87  9:53  Zergling x4  
  87  9:59  Baneling x4  
  88  10:02  Baneling x5  
  88  10:05  Zergling x2  
  88  10:06  Zergling x4  
  91  10:13  Baneling x2  
  77  10:22  Zergling x2  
  77  10:23  Zergling x14  
Show
View Real Time Build Order
Export as new Build Order

Strykerz Terran - Winner!

Build Orders: Reaper Expand, Bio Tank 

Get SALT Encoding   

  12  0:01  SCV  
  13  0:13  SCV  
  14  0:18  Supply Depot  
  14  0:25  SCV  
  15  0:40  SCV  
  15  0:41  Barracks  
  16  0:45  Refinery  
  16  0:52  SCV  
  17  1:04  SCV  
  18  1:16  SCV  
  19  1:28  Reaper  
  19  1:29  Orbital Command  
  20  1:44  Command Center  
  20  1:51  Refinery  
  20  1:54  SCV  
  20  2:00  Barracks Reactor  
  21  2:04  Supply Depot  
  21  2:10  SCV  
  22  2:24  SCV  
  22  2:25  Factory  
  23  2:36  SCV  
  24  2:38  Marine x2  
  26  2:50  SCV  
  27  2:56  Marine x2  
  27  2:57  Orbital Command  
  29  3:03  SCV  
  30  3:08  Factory Tech Lab  
  30  3:09  Starport  
  30  3:13  Supply Depot  
  30  3:15  SCV, Marine  
  32  3:27  SCV  
  33  3:35  Siege Tank, Marine x2  
  33  3:36  SCV  
  33  3:39  SCV  
  40  3:45  Starport Tech Lab  
  40  3:49  SCV  
  40  3:51  SCV  
  40  3:53  Marine x2  
  44  4:01  SCV  
  45  4:03  SCV  
  45  4:05  Banshee  
  45  4:06  Cloaking Field  
  49  4:12  Siege Tank  
  49  4:13  Marine x2  
  54  4:18  Supply Depot  
  54  4:22  Supply Depot  
  54  4:30  SCV x2  
  56  4:33  Marine x2  
  58  4:42  SCV x2  
  60  4:48  Banshee  
  60  4:51  Marine x2  
  65  4:54  SCV x2  
  65  4:56  Command Center, Engineering Bay  
  67  5:02  Siege Tank  
  67  5:06  SCV x2  
  72  5:12  Barracks  
  72  5:16  Marine x2  
  72  5:18  SCV x2  
  76  5:30  SCV x2  
  78  5:46  Marine x2  
  77  5:55  Terran Infantry Weapons Level 1  
  77  5:56  Missile Turret  
  77  5:58  Missile Turret  
  77  5:59  SCV, Refinery x2  
  78  6:07  SCV, Siege Tank  
  82  6:15  Marine x2  
  84  6:19  Orbital Command  
  84  6:20  Barracks  
  84  6:23  Starport Reactor  
  84  6:36  Marine x2  
  84  6:38  Stimpack, Marine  
  87  6:40  Siege Tank  
  87  6:42  SCV x2  
  87  6:43  Supply Depot  
  87  6:44  Supply Depot  
  58  6:47  Orbital Command  
  91  6:54  Marine x2  
  91  6:57  SCV  
  93  7:05  SCV  
  93  7:06  Missile Turret  
  90  7:13  Refinery  
  86  7:17  Missile Turret  
  86  7:18  Refinery  
  86  7:21  Marine x3  
  86  7:22  Siege Tank  
  92  7:24  SCV x3  
  92  7:25  Medivac  
  92  7:26  Medivac  
  98  7:36  SCV  
  96  7:38  Marine  
  96  7:39  Marine x2  
  96  7:40  Armory, Engineering Bay  
  96  7:43  SCV x2  
  101  7:48  SCV  
  102  7:55  SCV x2, Medivac x2  
  102  7:57  Terran Infantry Armor Level 1  
  108  8:00  SCV  
  108  8:02  Barracks Reactor, Missile Turret  
  108  8:03  Missile Turret  
  109  8:08  Supply Depot, SCV x2, Marine x3  
  108  8:26  Medivac, Siege Tank, Marine x3  
  116  8:30  SCV x3, Medivac  
  121  8:36  Supply Depot x2  
  121  8:41  Missile Turret  
  121  8:42  SCV  
  121  8:44  Marine x2  
  121  8:45  Liberator x2  
  121  8:48  Combat Shields  
  124  8:49  Marine  
  125  8:57  Marine x2  
  125  9:02  Marine  
  134  9:03  Missile Turret, Barracks  
  134  9:05  Barracks, Marine  
  135  9:10  Missile Turret  
  135  9:11  Supply Depot  
  135  9:14  Supply Depot  
  135  9:15  Missile Turret  
  135  9:16  Marine x3  
  138  9:25  Siege Tank  
  138  9:26  Supply Depot  
  138  9:29  Missile Turret  
  138  9:30  Missile Turret  
  141  9:35  Marine x5  
  145  9:43  Missile Turret  
  145  9:44  Missile Turret  
  145  9:51  Marine  
  145  9:52  Marine x2  
  136  9:53  Marine  
  136  9:57  Marine  
  136  9:58  Marine x2, Medivac x2  
  151  10:10  Factory  
  151  10:11  Command Center  
  145  10:24  Marine x3  
  145  10:25  Marine  
  145  10:26  Barracks Reactor x2  
Tags
 
Add a new tag
Caveats
  • Supply blocks, unpowered buildings, or Contaminate may cause inaccurate times.
  • Supply counts are checked every 10 seconds.